 Dungeon Crawl Stone Soup version 0.27-a0-1529-g1e82c303ef (webtiles) character file.

Game seed: 13575706750476796166

67 senseless the Covered (level 4, -8/40 HPs)
             Began as a Minotaur Fighter on July 12, 2021.
             Was a Believer of Wu Jian.
             Mangled by a kobold (10 damage)
             ... on level 2 of the Dungeon.
             The game lasted 00:03:34 (1641 turns).

senseless the Covered (Minotaur Fighter)            Turns: 1641, Time: 00:03:35

Health: -8/40      AC:  7    Str: 22    XL:     4   Next: 0%
Magic:  3/3        EV:  7    Int:  5    God:    Wu Jian [**....]
Gold:   57         SH:  9    Dex:  9    Spells: 3/3 levels left

rFire    . . .     SeeInvis .   a - +0 war axe
rCold    . . .     Faith    .   c - +0 kite shield
rNeg     . . .     Spirit   .   k - +0 scale mail
rPois    .         Reflect  .   (helmet restricted)
rElec    .         Harm     .   (no cloak)
rCorr    .         Rampage  .   (no gloves)
Will     .....                  (no boots)
Stlth    ..........             (no amulet)
HPRegen  0.13/turn              (no ring)
MPRegen  0.08/turn              (no ring)

@: no status effects
A: horns 2, retaliatory headbutt
a: Renounce Religion, Wall Jump


You were on level 2 of the Dungeon.
You worshipped Wu Jian.
Wu Jian was pleased with you.
You visited 1 branch of the dungeon, and saw 2 of its levels.

You collected 57 gold pieces.

Inventory:

Hand Weapons
 a - a +0 war axe (weapon)
 b - a +2 hunting sling of freezing
Missiles
 m - 32 stones (quivered)
 o - 9 sling bullets
Armour
 c - a +0 kite shield (worn)
 k - a +0 scale mail (worn)
Jewellery
 j - an amulet of magic regeneration
Scrolls
 f - a scroll of enchant armour {unknown}
 h - a scroll of summoning {unknown}
 i - a scroll of vulnerability {unknown}
 l - 2 scrolls of identify {unknown}
 p - a scroll of noise {unknown}
 q - a scroll of teleportation {unknown}
Potions
 d - a potion of might
 e - 2 potions of lignification {unknown}
 g - a potion of flight {unknown}
 n - 2 potions of brilliance {unknown}
 r - a potion of mutation {unknown}


   Skills:
 + Level 4.2 Fighting
 + Level 3.2 Axes
 + Level 0.7 Slings
 + Level 4.3 Armour
 + Level 4.2 Shields


You had 3 spell levels left.
You didn't know any spells.
Your spell library contained the following spells:

 Spells                   Type           Power      Damage    Failure   Level
 Hailstorm                Conj/Ice       0%         3d3       100%        4
 Ice Form                 Ice/Tmut       0%         N/A       100%        4
 Simulacrum               Ice/Necr       0%         N/A       100%        6


Dungeon Overview and Level Annotations

Branches:
Dungeon (2/15)

Altars:
Ashenzari
Wu Jian

Shops:
D:1 ?

Annotations:
D:2 Sigmund


Innate Abilities, Weirdness & Mutations

You have a pair of horns on your head.
You reflexively headbutt those who attack you in melee.


Message History

You kill the worm!
The Council accepts your kill.
You have reached level 4!
You feel stronger.
Found a stone staircase leading down.
o - 8 sling bullets (gained 1)
o - 9 sling bullets (gained 1)
You see here a worm corpse.
o - 10 sling bullets (gained 1)
o - 11 sling bullets (gained 1)
o - 12 sling bullets (gained 1)
q - a scroll labelled REORRI RAKIRUY
r - an emerald potion You now have 57 gold pieces (gained 11).
Sigmund the Dreaded comes into view.
He is wielding a +0 scythe and wearing a +0 robe of resistance.
Found 29 stones.
You shoot a sling bullet. The sling bullet barely misses Sigmund.
A kobold comes into view.
It is wielding a +2 whip of electrocution.
You shoot a sling bullet. The sling bullet hits Sigmund!
The sling bullet freezes Sigmund.
Sigmund is moderately wounded.
Sigmund hits you from afar with a +0 scythe.
You shoot a sling bullet.
The sling bullet closely misses Sigmund.
Sigmund mumbles some strange words.
Sigmund flickers and vanishes!
Deactivating autopickup; reactivate with Ctrl-A.
Your +2 hunting sling of freezing stops glowing.
a - a +0 war axe (weapon)
Something hits you! Something hits you.
You closely miss something. You headbutt something! You miss the kobold.
You hear some strange, mumbled words.
Something tries to affect you, but you resist.
The kobold hits you but does no damage.
You are electrocuted!!
* * * LOW HITPOINT WARNING * * *
You barely miss something. You closely miss the kobold.
Something hits you but does no damage. The kobold hits you but does no damage.
You are electrocuted!
You die...

.......<..............###########
#########........#..............#
# #.#####################.† #
#######.# ### ###.......#### . ##
....#####..).# #(. ##. #.###
#..##.# ###.... #..
#...####.###.####K(.(.# #.#
###......##.....@{# .# #.#
.....####...###.####..# ##.#
......###.### #......# #...
....#...#.# ##......# #.#.
_..####...# ##..###...# #.#.
....###..## #..## #$. #.#.
....##....###.## .### #.#.
##.....##..#..# <.# #.#.
#..#######...## #.# #.#.


You could see a kobold.

Vanquished Creatures
  An adder (D:2)
  A worm (D:2)
  A dart slug (D:2)
  5 ball pythons
  3 bats
  6 endoplasms
  2 giant cockroaches
  3 hobgoblins (D:1)
  7 jackals
  5 frilled lizards
  7 goblins
  4 kobolds (D:1)
  6 rats
51 creatures vanquished.

Notes
Turn   | Place    | Note
-------+----------+-------------------------------------------
     0 | D:1      | senseless the Minotaur Fighter began the quest for the Orb.
     0 | D:1      | Reached XP level 1. HP: 19/19 MP: 0/0
    80 | D:1      | Reached XP level 2. HP: 8/27 MP: 1/1
   394 | D:1      | Found Dyffuab's Magic Scroll Emporium.
   499 | D:1      | Found a faded altar of an unknown god.
   581 | D:1      | Became a worshipper of the Wu Jian Council
   581 | D:1      | Reached * piety under Wu Jian
   745 | D:1      | Reached XP level 3. HP: 33/33 MP: 2/2
  1153 | D:2      | Found a broken altar of Ashenzari.
  1500 | D:2      | Reached ** piety under Wu Jian
  1598 | D:2      | Reached XP level 4. HP: 40/40 MP: 3/3
  1634 | D:2      | Noticed Sigmund
  1640 | D:2      | HP: 2/40 [kobold (18)]
  1641 | D:2      | Mangled by a kobold

Illustrated notes

Levels and vault maps discovered:
D:1:      dpeg_arrival_yet_another_circle, layout_basic, serial_shops, shop,
          dreamdust_ecumenical_altar_statues, grunt_decor_cap,
          supply_closet_lemuel
D:2:      layout_rooms, basic_altar, kennysheep_generic_room_9, uniq_sigmund

Skill      XL: |  1  2 |
---------------+-------+-----
Armour         | 4 |  4.3
Shields        | 4 |  4.2
Fighting       | 4 |  4.2
Axes           | 3 |  3.2
Slings         | |  0.7

Action                   |  1- 3 |  4- 6 || total
-------------------------+-------+-------++-------
Melee: War axe           |    95 |     2 ||    97
       Headbutt          |    12 |     1 ||    13
 Fire: Hunting sling     |    23 |     3 ||    26
Invok: Lunge             |     4 |       ||     4
Armor: Scale mail        |    54 |     3 ||    57
Dodge: Dodged            |    32 |       ||    32
Block: Kite shield       |    63 |       ||    63

Table legend: (Time is in decaauts)
 A = Elapsed time spent in this place.
 B = Non-inter-level travel time spent in this place.
 C = Inter-level travel time spent in this place.
 D = Time resting spent in this place.
 E = Time spent auto-exploring this place.
 F = Levels seen in this place.
 G = Mean time per level.
                   A        B        C        D        E       F      G
               +--------+--------+--------+--------+--------+-----+--------+
         Total |   1696 |   1656 |     40 |      0 |   1344 |   2 |  848.0 |
       Dungeon |   1696 |   1656 |     40 |      0 |   1344 |   2 |  848.0 |
               +--------+--------+--------+--------+--------+-----+--------+

Top non-repeatable levels by time:
     D:1: 1094 daAuts
     D:2: 602 daAuts
